 Dungeon Crawl Stone Soup version 0.18.1-47-g9310371 (webtiles) character file.

662 StraightJacket the Shooter (level 7, -5/45 HPs)
             Began as a High Elf Hunter on June 14, 2016.
             Was a Believer of Pakellas.
             Slain by an ogre
             ... wielding a +0 giant club
              (11 damage)
             ... on level 4 of the Dungeon.
             The game lasted 00:34:20 (5295 turns).

StraightJacket the Shooter (High Elf Hunter)        Turns: 5295, Time: 00:34:21

Health: -5/45      AC:  6    Str: 12 (13) XL:     7   Next: 30%
Magic:  5/8        EV: 13    Int: 14 (15) God:    Pakellas [**....]
Gold:   140        SH:  0    Dex: 14 (16) Spells: 0 memorised, 6 levels left

rFire  . . .     SeeInvis .     j - +1 short sword (venom)
rCold  + . .     Gourm    .     e - +0 leather armour
rNeg   . . .     Faith    .     (no shield)
rPois  .         Spirit   .     w - +1 helmet
rElec  .         Dismiss  .     (no cloak)
rCorr  .         Reflect  .     r - +0 pair of gloves
SustAt .         Harm     .     (no boots)
MR     .....                    (no amulet)
Stlth  +++.......               y - ring of ice
                                o - ring of protection from fire

@: not resistant to hostile enchantments, fairly stealthy
A: no striking features
a: Quick Charge, Renounce Religion


You were on level 4 of the Dungeon.
You worshipped Pakellas.
Pakellas was pleased with you.
You were very hungry.

You visited 1 branch of the dungeon, and saw 4 of its levels.

You collected 140 gold pieces.

Inventory:

Hand Weapons
 a - a +1 shortbow
 b - a +0 short sword
 i - a +0 spear
 j - a +1 short sword of venom (weapon)
 u - a +1 dagger of draining
Missiles
 d - 3 arrows
 p - 47 bolts
Armour
 c - a +0 leather armour
 e - a +0 leather armour (worn)
 r - a +0 pair of gloves (worn)
 w - a +1 helmet (worn)
 C - a +0 pair of gloves
 G - a +2 robe of the Archmagi
Jewellery
 o - a ring of protection from fire (left hand)
 y - a ring of ice (right hand)
 E - an uncursed ring of stealth {unknown}
Wands
 v - a wand of paralysis (0/24)
 B - a wand of confusion (29/48)
Scrolls
 h - 3 scrolls of immolation {unknown}
 m - a scroll of recharging {unknown}
 s - 4 scrolls of identify {unknown}
 t - a scroll of noise {unknown}
 x - 2 scrolls of magic mapping {unknown}
 D - 3 scrolls of enchant weapon {unknown}
Potions
 g - 3 potions of haste {unknown}
 k - 2 potions of ambrosia
 l - a potion of invisibility {unknown}
 n - 2 potions of degeneration
 q - 2 potions of heal wounds {unknown}
 z - a potion of flight {unknown}
Miscellaneous
 F - a box of beasts
Comestibles
 f - a bread ration
 A - 2 beef jerkies


   Skills:
 + Level 2.9 Fighting
 + Level 2.6 Short Blades
 + Level 7.4 Bows
 + Level 2.6 Armour
 + Level 3.5 Dodging
 + Level 4.9 Stealth
 + Level 1.3 Evocations


You had 6 spell levels left.
You didn't know any spells.

Dungeon Overview and Level Annotations

Branches:
Dungeon (4/15)             Temple (0/1) D:4

Altars:
Dithmenos
Kikubaaqudgha
Okawaru
Pakellas
Sif Muna

Annotations:
D:2 Terence


Message History

The ogre shouts!
The ogre closely misses you.
You hit the ogre.
The ogre is poisoned.
The ogre is lightly wounded.
You hit the ogre.
The ogre is heavily wounded.
The ogre barely misses you.
You barely miss the ogre.
The ogre is severely wounded.
The ogre hits you with a giant club!!
The ogre looks more healthy.
The ogre hits you with a giant club!!
* * * LOW HITPOINT WARNING * * *
Zapping:
v - a wand of paralysis (1/24)
Press: ? - help, Shift-Dir - straight line, f - ogre
Aim: an ogre, wielding a giant club (severely wounded, chance to defeat MR: 49%)
The ogre resists with some effort.
This wand has 0 charges left.
The ogre hits you with a giant club!
You die...
Pakellas says: Back to the drawing board!

######## #.# #.##
#..# ##.## ####
#..#### ...# ##....#
...## #....#
....############....#
...............O@...#
...#############....#
>..# #....# ####
#....# ######


You could see an ogre.

Vanquished Creatures
  Duvessa (D:4)
  2 ogres (D:4)
  Blork the orc (D:4)
  Dowan (D:4)
  A centaur skeleton (D:4)
  2 orc priests (D:4)
  A worker ant (D:4)
  6 adders
  4 gnolls (D:4)
  2 oozes
  An adder skeleton (D:4)
  5 worms
  A dart slug (D:1)
  3 giant geckos
  7 orcs
  5 bats
  2 giant cockroaches
  6 hobgoblins
  6 jackals
  A quokka (D:3)
  4 ball pythons
  3 giant newts
  7 goblins
  10 kobolds
  7 rats
89 creatures vanquished.

Vanquished Creatures (others)
  A plant (D:3)
1 creature vanquished.

Grand Total: 90 creatures vanquished

Notes
Turn   | Place    | Note
--------------------------------------------------------------
     0 | D:1      | StraightJacket the High Elf Hunter began the quest for the Orb.
     0 | D:1      | Reached XP level 1. HP: 14/14 MP: 2/2
   185 | D:1      | Reached XP level 2. HP: 19/19 MP: 3/3
   339 | D:1      | Reached skill level 6 in Bows
   792 | D:1      | Reached XP level 3. HP: 21/24 MP: 4/4
  1364 | D:2      | Found an ancient bone altar of Kikubaaqudgha.
  2045 | D:2      | Found an oddly glowing altar of Pakellas.
  2049 | D:2      | Became a worshipper of Pakellas the Inventive
  2069 | D:2      | Reached XP level 4. HP: 28/29 MP: 5/5
  2070 | D:2      | Noticed Terence
  2641 | D:2      | Found a shadowy altar of Dithmenos.
  2774 | D:2      | Reached skill level 1 in Armour
  2901 | D:3      | Found a deep blue altar of Sif Muna.
  3209 | D:3      | Reached * piety under Pakellas
  3209 | D:3      | Received a gift from Pakellas
  3359 | D:3      | Reached skill level 1 in Short Blades
  3359 | D:3      | Reached skill level 7 in Bows
  3583 | D:4      | Reached XP level 5. HP: 35/35 MP: 6/6
  3698 | D:4      | Noticed an ogre
  3703 | D:4      | Killed an ogre
  3743 | D:4      | Reached XP level 6. HP: 16/41 MP: 2/7
  4085 | D:4      | Found a staircase to the Ecumenical Temple.
  4545 | D:4      | Noticed Dowan
  4573 | D:4      | Reached skill level 1 in Evocations
  4583 | D:4      | Reached ** piety under Pakellas
  4583 | D:4      | Received a gift from Pakellas
  4603 | D:4      | Found an iron altar of Okawaru.
  4643 | D:4      | Noticed Blork the orc
  4653 | D:4      | Killed Blork the orc
  4653 | D:4      | Reached XP level 7. HP: 33/45 MP: 8/8
  4894 | D:4      | Noticed Duvessa
  4938 | D:4      | Killed Dowan
  4970 | D:4      | Killed Duvessa
  5295 | D:4      | Slain by an ogre

Skill      XL: |  1  2  3  4  5  6 |
---------------+-------------------+-----
Bows           | 6 7 |  7.4
Armour         | 1 2 |  2.6
Short Blades   | 1 2 |  2.6
Stealth        | 3 4 |  4.9
Dodging        | 3 |  3.5
Evocations     | 1 |  1.3
Fighting       | |  2.9

Action                   |  1- 3 |  4- 6 |  7- 9 || total
-------------------------+-------+-------+-------++-------
Melee: Short sword       |    86 |   181 |    21 ||   288
       Shortbow          |     1 |     1 |       ||     2
 Fire: Shortbow          |    67 |    43 |       ||   110
Invok: Quick Charge      |       |     1 |     1 ||     2
Evoke: Wand              |       |    12 |     4 ||    16
  Use: Potion            |     1 |       |     5 ||     6
 Stab: Sleeping          |       |     1 |       ||     1
       Paralysed         |       |    24 |     4 ||    28
  Eat: Bread ration      |     1 |     1 |       ||     2
       Fruit             |       |     3 |       ||     3
       Beef jerky        |       |       |     1 ||     1
Armor: Leather armour    |    19 |    53 |     2 ||    74
Dodge: Dodged            |    60 |   119 |    10 ||   189
